ITL
HAVANA ROLLERS @ WABA DUCKS
08/23/2025
 
TOP OF THE 1ST
Havana Rollers batting - Pitching for Waba Ducks : RHP Luis Féliz
Pitching: RHP Luis Féliz
Batting: LHB José Torres 0-0: Called Strike
0-1: Called Strike
0-2: Ball
1-2: Ball
2-2: Strikes out swinging
Batting: RHB Carlos MacKinney 0-0: Foul Ball, location: 2F
0-1: Ball
1-1: Ball
2-1: Foul Ball, location: 2F
2-2: Foul Ball, location: 2F
2-2: Ball
3-2: Strikes out swinging
Batting: LHB Enrique Cortéz 0-0: Foul Ball, location: 2F
0-1: DOUBLE (Flyball, 9D)
Pinch Runner at 2nd Suezo Sugimoto:
Batting: LHB Wilson Allen 0-0: Ball
1-0: Foul Ball, location: 2F
1-1: Ball
2-1: Ball
3-1: Ground out 3-1 (Groundball, 34S)
Top of the 1st over - 0 run(s), 1 hit(s), 0 error(s), 1 left on base; Havana 0 - Waba 0
BOTTOM OF THE 1ST
Waba Ducks batting - Pitching for Havana Rollers : RHP Alfonso Ortíz
Pitching: RHP Alfonso Ortíz
Now in RF: Suezo Sugimoto
Batting: RHB Don Keating 0-0: Fly out, F6 (Line Drive, 6)
Batting: RHB Tokuhei Kobayashi 0-0: Called Strike
0-1: Ball
1-1: Fly out, F6 (Line Drive, 6)
Batting: LHB Terry White 0-0: Ball
1-0: Called Strike
1-1: Foul Ball, location: 2F
1-2: Strikes out looking
Bottom of the 1st over - 0 run(s), 0 hit(s), 0 error(s), 0 left on base; Havana 0 - Waba 0
TOP OF THE 2ND
Havana Rollers batting - Pitching for Waba Ducks : RHP Luis Féliz
Batting: LHB Doug Thompson 0-0: Ball
1-0: Called Strike
1-1: Foul Ball, location: 2F
1-2: Ball
2-2: Ground out 1-3 (Groundball, 15S)
Batting: LHB Raynard Brenner 0-0: Called Strike
0-1: Swinging Strike
0-2: Ball
1-2: Strikes out looking
Batting: RHB Frédéric Poitras 0-0: Called Strike
0-1: Ground out 4-3 (Groundball, 4M)
Top of the 2nd over - 0 run(s), 0 hit(s), 0 error(s), 0 left on base; Havana 0 - Waba 0
BOTTOM OF THE 2ND
Waba Ducks batting - Pitching for Havana Rollers : RHP Alfonso Ortíz
Batting: RHB Chris Osborn 0-0: Fly out, F5 (Line Drive, 5)
Batting: RHB Pepe Medrano 0-0: Called Strike
0-1: Ball
1-1: Called Strike
1-2: Strikes out looking
Batting: RHB Ed Small 0-0: Called Strike
0-1: Ball
1-1: Ball
2-1: Foul Ball, location: 2F
2-2: Foul Ball, location: 2F
2-2: Ground out 5-3 (Groundball, 5L)
Bottom of the 2nd over - 0 run(s), 0 hit(s), 0 error(s), 0 left on base; Havana 0 - Waba 0
TOP OF THE 3RD
Havana Rollers batting - Pitching for Waba Ducks : RHP Luis Féliz
Batting: RHB Chad Case 0-0: Ball
1-0: Ball
2-0: Ball
3-0: Called Strike
3-1: Bunt missed!
3-2: Foul Ball, location: 2F
3-2: Strikes out looking
Batting: RHB Geoffrey Joyner 0-0: Fly out, F3 (Popup, 3D)
Batting: LHB José Torres 0-0: Called Strike
0-1: Called Strike
0-2: Strikes out looking
Top of the 3rd over - 0 run(s), 0 hit(s), 0 error(s), 0 left on base; Havana 0 - Waba 0
BOTTOM OF THE 3RD
Waba Ducks batting - Pitching for Havana Rollers : RHP Alfonso Ortíz
Batting: LHB Joaquín González 0-0: Ball
1-0: Ball
2-0: Called Strike
2-1: Ball
3-1: Fly out, F4 (Popup, 4M)
Batting: SHB Cisco Álvarez 0-0: Called Strike
0-1: Ball
1-1: Foul Ball, location: 2F
1-2: Ball
2-2: Ball
3-2: Fly out, F7 (Flyball, 78M)
Batting: RHB Alberto Sandoval 0-0: Ball
1-0: Ground out 6-3 (Groundball, 6)
Bottom of the 3rd over - 0 run(s), 0 hit(s), 0 error(s), 0 left on base; Havana 0 - Waba 0
TOP OF THE 4TH
Havana Rollers batting - Pitching for Waba Ducks : RHP Luis Féliz
Batting: RHB Carlos MacKinney 0-0: SINGLE (Groundball, 56D)
Batting: SHB Suezo Sugimoto 0-0: Called Strike
0-1: Ball
1-1: Called Strike
1-2: Strikes out swinging
Batting: LHB Wilson Allen 0-0: Called Strike
0-1: Ball
1-1: Ball
2-1: Swinging Strike
2-2: Fly out, F8 (Flyball, 8LS)
Batting: LHB Doug Thompson 0-0: SINGLE (Line Drive, 78S)
Carlos MacKinney to second
Batting: LHB Raynard Brenner 0-0: Ball
1-0: Swinging Strike
1-1: SINGLE (Groundball, 34D)
Carlos MacKinney to third
Doug Thompson to second
Runner from 3rd tries for Home, SAFE, no throw or cutoff
Batting: RHB Frédéric Poitras 0-0: Called Strike
0-1: Called Strike
0-2: Foul Ball, location: 2F
0-2: Ball
1-2: Ground out 3-1 (Groundball, 34)
Top of the 4th over - 1 run(s), 3 hit(s), 0 error(s), 2 left on base; Havana 1 - Waba 0
BOTTOM OF THE 4TH
Waba Ducks batting - Pitching for Havana Rollers : RHP Alfonso Ortíz
Batting: RHB Don Keating 0-0: Ground out 2-3 (Groundball, 2R)
Batting: RHB Tokuhei Kobayashi 0-0: Ball
1-0: Called Strike
1-1: Called Strike
1-2: Foul Ball, location: 2F
1-2: Strikes out swinging
Batting: LHB Terry White 0-0: Swinging Strike
0-1: Ball
1-1: Called Strike
1-2: Ball
2-2: Ground out 4-3 (Groundball, 4)
Bottom of the 4th over - 0 run(s), 0 hit(s), 0 error(s), 0 left on base; Havana 1 - Waba 0
TOP OF THE 5TH
Havana Rollers batting - Pitching for Waba Ducks : RHP Luis Féliz
Batting: RHB Chad Case 0-0: Swinging Strike
0-1: Foul Ball, location: 2F
0-2: Strikes out swinging
Batting: RHB Geoffrey Joyner 0-0: Foul Ball, location: 2F
0-1: Ball
1-1: Foul Ball, location: 2F
1-2: Foul Ball, location: 2F
1-2: Ball
2-2: Strikes out looking
Batting: LHB José Torres 0-0: Called Strike
0-1: SINGLE (Line Drive, 34)
Batting: RHB Carlos MacKinney 0-0: SINGLE (Line Drive, 8LS)
José Torres to second
Batting: SHB Suezo Sugimoto 0-0: Ball
1-0: Called Strike
1-1: Ball
2-1: Fly out, F7 (Line Drive, 7M)
Top of the 5th over - 0 run(s), 2 hit(s), 0 error(s), 2 left on base; Havana 1 - Waba 0
BOTTOM OF THE 5TH
Waba Ducks batting - Pitching for Havana Rollers : RHP Alfonso Ortíz
Batting: RHB Chris Osborn 0-0: Called Strike
0-1: Called Strike
0-2: Foul Ball, location: 2F
0-2: Strikes out swinging
Batting: RHB Pepe Medrano 0-0: Ball
1-0: Swinging Strike
1-1: Ball
2-1: Foul Ball, location: 2F
2-2: Foul Ball, location: 2F
2-2: Ball
3-2: Fly out, F9 (Flyball, 89D)
Batting: RHB Ed Small 0-0: Called Strike
0-1: Foul Ball, location: 2F
0-2: Ball
1-2: Strikes out swinging
Bottom of the 5th over - 0 run(s), 0 hit(s), 0 error(s), 0 left on base; Havana 1 - Waba 0
TOP OF THE 6TH
Havana Rollers batting - Pitching for Waba Ducks : RHP Luis Féliz
Batting: LHB Wilson Allen 0-0: Ball
1-0: SINGLE (Groundball, 34D)
Batting: LHB Doug Thompson 0-0: Called Strike
0-1: Ball
1-1: Ball
2-1: SINGLE (Groundball, 56D)
Wilson Allen to second
Batting: LHB Raynard Brenner 0-0: Ball
1-0: Ball
2-0: Foul Ball, location: 2F
2-1: Foul Ball, location: 2F
2-2: Foul Ball, location: 2F
2-2: Strikes out swinging
Batting: RHB Frédéric Poitras 0-0: Ball
1-0: Called Strike
1-1: Swinging Strike
1-2: Ball
2-2: SINGLE (Line Drive, 34)
Wilson Allen to third
Doug Thompson to second
Batting: RHB Chad Case 0-0: Called Strike
0-1: Foul Ball, location: 2F
0-2: SINGLE (Line Drive, 8LS)
Wilson Allen scores
Doug Thompson to third
Frédéric Poitras to second
Batting: RHB Geoffrey Joyner 0-0: Called Strike
0-1: Foul Ball, location: 2F
0-2: Ball
1-2: Foul Ball, location: 2F
1-2: Ball
2-2: Foul Ball, location: 2F
2-2: Foul Ball, location: 2F
2-2: Strikes out looking
Pitching: RHP Sergio Torres
Batting: LHB José Torres 0-0: Called Strike
0-1: Ground out 3-1 (Groundball, 34)
Top of the 6th over - 1 run(s), 4 hit(s), 0 error(s), 3 left on base; Havana 2 - Waba 0
BOTTOM OF THE 6TH
Waba Ducks batting - Pitching for Havana Rollers : RHP Alfonso Ortíz
Batting: LHB Joaquín González 0-0: Ball
1-0: Fly out, F7 (Flyball, 7M)
Batting: SHB Cisco Álvarez 0-0: Foul Ball, location: 2F
0-1: Called Strike
0-2: Ball
1-2: Ball
2-2: Strikes out swinging
Batting: RHB Alberto Sandoval 0-0: Ground out 6-3 (Groundball, 6)
Bottom of the 6th over - 0 run(s), 0 hit(s), 0 error(s), 0 left on base; Havana 2 - Waba 0
TOP OF THE 7TH
Havana Rollers batting - Pitching for Waba Ducks : RHP Sergio Torres
Batting: RHB Carlos MacKinney 0-0: Fly out, F8 (Flyball, 8LXD)
Batting: SHB Suezo Sugimoto 0-0: Ball
1-0: Ball
2-0: Ground out 6-3 (Groundball, 6)
Batting: LHB Wilson Allen 0-0: Swinging Strike
0-1: Ball
1-1: Called Strike
1-2: Strikes out looking
Top of the 7th over - 0 run(s), 0 hit(s), 0 error(s), 0 left on base; Havana 2 - Waba 0
BOTTOM OF THE 7TH
Waba Ducks batting - Pitching for Havana Rollers : RHP Alfonso Ortíz
Batting: RHB Don Keating 0-0: Called Strike
0-1: Ground out 4-3 (Groundball, 34)
Batting: RHB Tokuhei Kobayashi 0-0: Called Strike
0-1: Ball
1-1: Foul Ball, location: 2F
1-2: Ball
2-2: Ground out 4-3 (Groundball, 4)
Batting: LHB Terry White 0-0: SOLO HOME RUN (Flyball, 9D), Distance : 370 ft
Batting: RHB Chris Osborn 0-0: Ground out 5-3 (Groundball, 5S)
Bottom of the 7th over - 1 run(s), 1 hit(s), 0 error(s), 0 left on base; Havana 2 - Waba 1
TOP OF THE 8TH
Havana Rollers batting - Pitching for Waba Ducks : RHP Sergio Torres
Batting: LHB Doug Thompson 0-0: Ball
1-0: Ball
2-0: Called Strike
2-1: Foul Ball, location: 2F
2-2: Ball
3-2: Foul Ball, location: 2F
3-2: Foul Ball, location: 2F
3-2: Fly out, F7 (Flyball, 7D)
Batting: LHB Raynard Brenner 0-0: Ball
1-0: DOUBLE (Line Drive, 5L)
Batting: RHB Frédéric Poitras 0-0: Ball
1-0: Foul Ball, location: 2F
1-1: Ball
2-1: Foul Ball, location: 2F
2-2: Hit by Pitch
Batting: RHB Chad Case 0-0: Ball
1-0: Swinging Strike
1-1: Called Strike
1-2: Strikes out swinging
Batting: RHB Geoffrey Joyner 0-0: Fly out, F9 (Flyball, 9S)
Top of the 8th over - 0 run(s), 1 hit(s), 0 error(s), 2 left on base; Havana 2 - Waba 1
BOTTOM OF THE 8TH
Waba Ducks batting - Pitching for Havana Rollers : RHP Alfonso Ortíz
Batting: RHB Pepe Medrano 0-0: Called Strike
0-1: Fly out, F7 (Line Drive, 7S)
Batting: RHB Ed Small 0-0: Called Strike
0-1: Ball
1-1: SINGLE (Groundball, 34D)
Pinch Hitting: LHB José Berroa 0-0: Ball
1-0: Ball
2-0: Swinging Strike
2-1: Fly out, F4 (Line Drive, 4)
Batting: SHB Cisco Álvarez 0-0: Ground out U3 (Groundball, 3)
Bottom of the 8th over - 0 run(s), 1 hit(s), 0 error(s), 1 left on base; Havana 2 - Waba 1
TOP OF THE 9TH
Havana Rollers batting - Pitching for Waba Ducks : RHP Sergio Torres
Pitching: RHP José Rivera
Now in LF: José Berroa
Batting: LHB José Torres 0-0: Ground out 4-3 (Groundball, 4)
Batting: RHB Carlos MacKinney 0-0: Foul Ball, location: 2F
0-1: Called Strike
0-2: Ball
1-2: Foul Ball, location: 2F
1-2: Fly out, F7 (Flyball, 7LD)
Batting: SHB Suezo Sugimoto 0-0: Called Strike
0-1: Ground out 4-3 (Groundball, 4)
Top of the 9th over - 0 run(s), 0 hit(s), 0 error(s), 0 left on base; Havana 2 - Waba 1
BOTTOM OF THE 9TH
Waba Ducks batting - Pitching for Havana Rollers : RHP Alfonso Ortíz
Pitching: RHP Kei Hashimoto
Pinch Hitting: LHB Javier Orozco 0-0: Called Strike
0-1: Fly out, F9 (Line Drive, 89M)
Batting: RHB Don Keating 0-0: Called Strike
0-1: Hit by Pitch
Batting: RHB Tokuhei Kobayashi 0-0: Ball
1-0: Called Strike
1-1: DOUBLE (Groundball, 5L)
Don Keating to third
Runner from 3rd tries for Home, SAFE, no throw or cutoff
Batting: LHB Terry White 0-0: Intentional Walk
Batting: RHB Chris Osborn 0-0: Ball
1-0: Called Strike
1-1: Ball
2-1: Ball
Passed Ball!
Tokuhei Kobayashi to third
Terry White to second
3-1: Intentional Walk
Batting: RHB Pepe Medrano 0-0: Called Strike
0-1: Ball
1-1: Called Strike
1-2: Ball
2-2: Strikes out swinging
Batting: RHB Ed Small 0-0: Called Strike
0-1: Foul Ball, location: 2F
0-2: Foul Ball, location: 2F
0-2: Ball
1-2: Strikes out swinging
Bottom of the 9th over - 1 run(s), 1 hit(s), 0 error(s), 3 left on base; Havana 2 - Waba 2
TOP OF THE 10TH
Havana Rollers batting - Pitching for Waba Ducks : RHP José Rivera
Now at C: Roberto Pagán
Batting: LHB Wilson Allen 0-0: Called Strike
0-1: Called Strike
0-2: Ball
1-2: Strikes out swinging
Batting: LHB Doug Thompson 0-0: Ball
1-0: Foul Ball, location: 2F
1-1: Ball
2-1: Called Strike
2-2: Ball
3-2: Base on Balls
Pinch Runner at 1st Jimmy Husted:
Pinch Hitting: RHB Jack Bailey 0-0: Called Strike
Jimmy Husted steals 2nd base
0-1: Ball
1-1: Intentional Walk
Pinch Hitting: RHB Paul Bailey 0-0: Ball
1-0: Swinging Strike
1-1: Ball
2-1: Foul Ball, location: 2F
2-2: Ball
3-2: Strikes out swinging
Pinch Hitting: LHB Zhi-huan Loong 0-0: Called Strike
0-1: Called Strike
0-2: Ball
1-2: Ball
2-2: Ground out 1-3 (Groundball, 13S)
Top of the 10th over - 0 run(s), 0 hit(s), 0 error(s), 2 left on base; Havana 2 - Waba 2
BOTTOM OF THE 10TH
Waba Ducks batting - Pitching for Havana Rollers : RHP Kei Hashimoto
Now at C: Yaichiro Sugahara
Now at 2B: Felipe Cruz
Now at SS: Zhi-huan Loong
Now in LF: Paul Bailey
Batting: LHB José Berroa 0-0: Called Strike
0-1: Called Strike
0-2: Ball
1-2: Ball
2-2: Ball
3-2: Ground out 4-3 (Groundball, 4M)
Batting: SHB Cisco Álvarez 0-0: Ball
1-0: Swinging Strike
1-1: Foul Ball, location: 2F
1-2: Foul Ball, location: 2F
1-2: Ball
2-2: Ball
3-2: Fly out, F5 (Popup, 6)
Batting: RHB Roberto Pagán 0-0: SINGLE (Groundball, 15S) (infield hit)
Batting: RHB Don Keating 0-0: Ball
1-0: Foul Ball, location: 2F
1-1: Ground out 3-1 (Groundball, 34S)
Bottom of the 10th over - 0 run(s), 1 hit(s), 0 error(s), 1 left on base; Havana 2 - Waba 2
TOP OF THE 11TH
Havana Rollers batting - Pitching for Waba Ducks : RHP José Rivera
Pitching: RHP Jared Cameron
Batting: RHB Geoffrey Joyner 0-0: Called Strike
0-1: Foul Ball, location: 2F
0-2: Foul Ball, location: 2F
0-2: Ball
1-2: Foul Ball, location: 2F
1-2: Ball
2-2: Ball
3-2: Base on Balls
Batting: LHB José Torres 0-0: Sac Bunt - play at first, batter OUT! 1-4
Geoffrey Joyner to second
Batting: RHB Carlos MacKinney 0-0: Ball
1-0: Ball
2-0: Fly out, F9 (Flyball, 9M)
Batting: SHB Suezo Sugimoto 0-0: Fly out, F6 (Popup, 6S)
Top of the 11th over - 0 run(s), 0 hit(s), 0 error(s), 1 left on base; Havana 2 - Waba 2
BOTTOM OF THE 11TH
Waba Ducks batting - Pitching for Havana Rollers : RHP Kei Hashimoto
Batting: RHB Tokuhei Kobayashi 0-0: Ball
1-0: SOLO HOME RUN (Flyball, 78XD), Distance : 366 ft
This league is powered by Out of the Park Baseball, the baseball management simulation game for PC, Mac and Linux
Tuesday, August 2nd, 2016 - OOTP Baseball 16.8 Build 38